 Dungeon Crawl Stone Soup version 0.30.0-17-ge0270778cf (webtiles) character file.

Game seed: 179035686158683947

3707 ripuliukko the Thaumaturge (level 9, -26/47 HPs)
             Began as a Deep Elf Earth Elementalist on May 21, 2023.
             Was an Initiate of Vehumet.
             Killed from afar by a fire dragon (44 damage)
             ... with a blast of flame
             ... on level 9 of the Dungeon.
             The game lasted 00:14:06 (8078 turns).

ripuliukko the Thaumaturge (DEEE)                   Turns: 8078, Time: 00:14:07

Health: -26/47     AC:  9    Str: 11    XL:     9   Next: 91%
Magic:  25/25      EV: 13    Int: 25    God:    Vehumet [......]
Gold:   100        SH:  0    Dex: 15    Spells: 18/28 levels left

rFire   . . .        k - +3 dagger (venom)
rCold   . . .        (no shield)
rNeg    . . .        A - +0 steam dragon scales
rPois   .            (no helmet)
rElec   .            t - +0 cloak
rCorr   .            e - +2 pair of gloves
SInv    .            (no boots)
Will    .....        o - amulet of magic regeneration
Stlth   ++           g - +6 ring of strength
HPRegen 0.27/turn    (no ring)
MPRegen 0.59/turn

%: no passive effects
@: brilliant, about to teleport
A: no striking features
a: Renounce Religion


You were on level 9 of the Dungeon.
You worshipped Vehumet.
Vehumet was noncommittal.
You visited 2 branches of the dungeon, and saw 10 of its levels.

You collected 458 gold pieces.
You spent 358 gold pieces at shops.

Inventory:

Hand Weapons
 k - a +3 dagger of venom (weapon)
Missiles
 u - a throwing net
 w - 4 curare-tipped darts
 y - 4 poisoned darts
Armour
 a - a +0 robe
 e - a +2 pair of gloves (worn)
 t - a +0 cloak (worn)
 A - +0 steam dragon scales (worn)
Jewellery
 g - a +6 ring of strength (left hand)
 l - the amulet of the Yeti {rF+ Regen+ Dex+4}
   (You acquired it on level 2 of the Dungeon)

   [amulet of regeneration]

   Dex:       It affects your dexterity (+4).
   rF:        It protects you from fire.
   Regen:     It increases your rate of health regeneration.
 m - an amulet of guardian spirit
 o - an amulet of magic regeneration (around neck)
 p - a +6 ring of dexterity
 E - an amulet of the acrobat
Wands
 f - a wand of polymorph (2)
Scrolls
 c - a scroll of poison
 d - 2 scrolls of enchant weapon
 q - a scroll of teleportation
 z - a scroll of identify
 D - a scroll of enchant armour
Potions
 b - 4 potions of magic
 h - 5 potions of curing
 j - 2 potions of brilliance
 n - a potion of ambrosia
 r - a potion of might
 s - 2 potions of haste
 v - a potion of cancellation
 x - 2 potions of heal wounds {unknown}
 B - a potion of invisibility {unknown}
 C - a potion of mutation


   Skills:
 + Level 1.0 Fighting
 + Level 0.7 Short Blades
 * Level 1.7 Throwing
 * Level 1.6 Armour
 - Level 2.8 Dodging
 - Level 3.0 Stealth
 + Level 10.3 Spellcasting
 * Level 5.8 Conjurations
 + Level 1.2 Transmutations
 * Level 4.8 Fire Magic
 * Level 4.2 Air Magic
 + Level 8.2 Earth Magic
 * Level 2.6 Evocations


You had 18 spell levels left.
You knew the following spells:

 Your Spells              Type           Power      Damage    Failure   Level
a - Sandblast             Erth           100%       2d20      1%          1
q - Stone Arrow           Conj/Erth      100%       3d13      1%          3
w - Plasma Beam           Fire/Air       26%        2x1d42    75%         6

Your spell library contained the following spells:

 Spells                   Type           Power      Damage    Failure   Level
 Passwall                 Tmut/Erth      44%        N/A       1%          2
 Cigotuvi's Dreadful Rot  Necr/Pois/Air  60%        N/A       4%          2
 Petrify                  Tmut/Erth      53%        N/A       7%          4
 Ozocubu's Armour         Ice            19%        N/A       14%         3
 Anguish                  Hex/Necr       9%         N/A       43%         4
 Cause Fear               Hex            9%         N/A       43%         4
 Silence                  Hex/Air        17%        N/A       50%         5
 Metabolic Englaciation   Hex/Ice        9%         N/A       78%         5
 Simulacrum               Ice/Necr       9%         N/A       100%        6
 Dragon Form              Tmut           14%        N/A       100%        7
 Enfeeble                 Hex            9%         N/A       100%        7
 Dragon's Call            Summ           9%         N/A       100%        9


Dungeon Overview and Level Annotations

Branches:
Dungeon (9/15)             Temple (1/1) D:5
   Lair: D:8-11         Orc: D:9-12

Altars:
Ashenzari
Dithmenos
Fedhas
Gozag
Hepliaklqana
Makhleb
Nemelex Xobeh
Qazlal
Ru
Sif Muna
Trog
Uskayaw
Vehumet
Xom
Yredelemnul
Zin
The Shining One

Shops:
D:3 (   D:5 ?   D:6 ?(*:?


Message History

Confirm with . or Enter, or press ? or * to list all spells.
Aiming: Stone Arrow (safe; 1% risk of failure)
Press: ? - help, Shift-Dir - straight line, f/p - acid dragon
Aim: an acid dragon (heavily wounded, 76% to hit)
The stone arrow hits the acid dragon!!
You kill the acid dragon!
Vehumet accepts your kill.
The acid dragon scales are intact enough to wear.
The electric eel shoots out a bolt of lightning at you!
The bolt of electricity misses you.
Unknown command.
Your magical contamination has completely faded away.
A fire dragon comes into view.
The fire dragon roars deafeningly!
Things that are here:
+0 acid dragon scales; an acid dragon corpse
Aiming: Polymorph
Press: ? - help, Shift-Dir - straight line, f - fire dragon
Aim: a fire dragon (will become an ice dragon, a ghost moth, or a great orb of eyes, chance to affect: 22%)
The fire dragon resists with almost no effort.
Unknown command.
Okay, then.
You feel clever all of a sudden. The fire dragon breathes flames at you.
The blast of flame hits you!!!
Ouch! That really hurt!
* * * LOW HITPOINT WARNING * * *
Okay, then.
As you read the scroll of fear, it crumbles to dust.
You assume a fearsome visage.
The fire dragon easily resists.
Unknown command.
You feel better.
You feel better.
Okay, then.
As you read the scroll of teleportation, it crumbles to dust.
You feel strangely unstable. The fire dragon breathes flames at you.
The blast of flame hits you!!!
Ouch! That really hurt!
You die...

......#
#......#
......#
#.?....#
..~...#
##....##
......#
##[.##
......# #..#
......# #.##
......# #D#
......# ##.#
......###
#@.#
........##
#.##
#######..####
#.# # ##....#
#.# #
####.####.#
#.##...#
#....###
###### .


You could see a fire dragon (catching breath).

Vanquished Creatures
  Joseph (D:8)
  A troll (D:8)
  A wraith (D:9)
  A steam dragon (D:7)
  An acid dragon (D:9)
  2 water moccasins
  An orc warrior (D:8)
  A centaur (D:6)
  A kobold brigand (D:6)
  5 bullfrogs
  A gnoll sergeant (D:8)
  7 scorpions
  6 wights
  7 killer bees
  A howler monkey (D:8)
  2 jellies (D:5)
  2 orc priests
  A gnoll bouda (D:8)
  2 hounds
  A sleepcap (D:8)
  3 iguanas
  10 orc wizards
  5 gnolls (D:8)
  8 adders
  4 shadow imps
  A white imp (D:7)
  An ufetubus (D:6)
  A worm (D:2)
  2 dart slugs
  23 orcs
  5 ball pythons
  10 endoplasms
  2 giant cockroaches
  7 goblins
  3 hobgoblins
  2 quokkas
  5 bats
  6 frilled lizards
  10 kobolds
  12 rats
165 creatures vanquished.

Vanquished Creatures (others)
  A wight (D:7)
1 creature vanquished.

Grand Total: 166 creatures vanquished

Notes
Turn   | Place    | Note
-------+----------+-------------------------------------------
     0 | D:1      | ripuliukko the Deep Elf Earth Elementalist began the quest
                  | for the Orb.
     0 | D:1      | Reached XP level 1. HP: 10/10 MP: 6/6
   160 | D:1      | Reached XP level 2. HP: 15/15 MP: 4/8
   926 | D:2      | Reached skill level 4 in Spellcasting
  1047 | D:2      | Reached XP level 3. HP: 19/19 MP: 8/10
  1181 | D:2      | Reached XP level 4. HP: 16/24 MP: 1/12
  1186 | D:2      | Identified 2 scrolls of acquirement
  1186 | D:2      | Acquired the amulet of the Yeti {rF+ Regen+ Dex+4}
  2299 | D:3      | Reached skill level 5 in Spellcasting
  2515 | D:3      | Found an opulent altar of Gozag.
  2588 | D:3      | Found Daniak's Antique Weapon Emporium.
  2907 | D:3      | Found a hide-covered altar of Uskayaw.
  2910 | D:3      | Found a sparkling altar of Nemelex Xobeh.
  3080 | D:4      | Acquired Lajaixt's Verses on Fog
  3181 | D:4      | Reached XP level 5. HP: 28/28 MP: 12/14
  3220 | D:4      | You fall into a shaft and drop 3 floors!
  3225 | D:7      | Reached skill level 5 in Earth Magic
  3240 | D:7      | Reached skill level 6 in Spellcasting
  3296 | D:7      | Reached XP level 6. HP: 18/32 MP: 17/17
  3316 | D:7      | Learned a level 3 spell: Stone Arrow
  3531 | D:5      | Entered Level 5 of the Dungeon
  3558 | D:5      | Reached skill level 1 in Conjurations
  3887 | D:4      | Noticed a water moccasin
  3892 | D:4      | Reached skill level 7 in Spellcasting
  3893 | D:4      | Killed a water moccasin
  3894 | D:4      | Reached XP level 7. HP: 35/37 MP: 9/19
  3901 | D:4      | Learned a level 6 spell: Plasma Beam
  4381 | D:5      | Found a staircase to the Ecumenical Temple.
  4387 | D:5      | Reached skill level 8 in Spellcasting
  4387 | D:5      | Reached skill level 1 in Fire Magic
  4387 | D:5      | Reached skill level 1 in Air Magic
  4391 | Temple   | Entered the Ecumenical Temple
  4391 | Temple   | Found a transporter.
  4391 | Temple   | Found a transporter.
  4401 | Temple   | Found a transporter.
  4401 | Temple   | Found a transporter.
  4709 | D:5      | Found Rirpheost's Magic Scroll Emporium.
  4715 | D:5      | Bought a scroll of blinking for 112 gold pieces
  4715 | D:5      | Bought a scroll of enchant armour for 112 gold pieces
  4715 | D:5      | Bought a scroll of enchant armour for 112 gold pieces
  4806 | D:6      | Reached XP level 8. HP: 42/42 MP: 20/22
  4810 | D:6      | Found Xuapy's Weapon Shoppe.
  5053 | D:6      | Found Heune's Magic Scroll Boutique.
  5101 | D:6      | Found a broken altar of Ashenzari.
  5105 | D:6      | Saw a vision of the Swamp and the Spider Nest.
  5105 | D:6      | Noticed a pharaoh ant
  5105 | D:6      | Noticed a jumping spider
  5105 | D:6      | Noticed a demonic crawler
  5105 | D:6      | Noticed a jorogumo
  5105 | D:6      | Noticed an eleionoma
  5105 | D:6      | Noticed a pharaoh ant
  5106 | D:6      | Noticed a moth of wrath
  5106 | D:6      | Noticed an emperor scorpion
  5107 | D:6      | Noticed a pharaoh ant
  5108 | D:6      | Noticed an eleionoma
  5108 | D:6      | Noticed a tyrant leech
  5109 | D:6      | Noticed a torpor snail
  5222 | D:6      | Found Geasiss's Magic Scroll Shoppe.
  5237 | D:6      | Bought a scroll of identify for 22 gold pieces
  5256 | D:6      | Found Ruopneta's Assorted Antiques.
  5305 | D:6      | Found Leshun's Book Shoppe.
  5556 | D:7      | Reached skill level 9 in Spellcasting
  5660 | Temple   | Became a worshipper of Vehumet
  5983 | D:7      | Reached XP level 9. HP: 39/46 MP: 24/24
  6418 | D:8      | Reached skill level 1 in Fighting
  6589 | D:8      | Noticed a troll
  6593 | D:8      | Killed a troll
  6702 | D:8      | Reached skill level 1 in Evocations
  6713 | D:8      | Noticed Joseph
  6911 | D:8      | Reached skill level 10 in Spellcasting
  6911 | D:8      | Reached skill level 5 in Conjurations
  6931 | D:8      | Reached skill level 1 in Throwing
  7536 | D:8      | Killed Joseph
  7537 | D:8      | Reached skill level 1 in Armour
  8067 | D:9      | Noticed a fire dragon
  8073 | D:9      | HP: 1/47 [fire dragon/blast of flame (46)]
  8078 | D:9      | Killed from afar by a fire dragon

Illustrated notes

Levels and vault maps discovered:
D:1:      minmay_arrival_solitary_statue, layout_loops_ring
D:2:      layout_loops_corners, mrwooster_statue_mirror, feat_on_display
D:3:      minmay_skewed_foursquare, layout_basic,
          nicolae_gozag_cash_rules_everything_around_me, minitemple,
          serial_shops, shop, grunt_ministairs_8, hangedman_glass_teeth,
          kennysheep_generic_room_5
D:4:      layout_basic
D:5:      layout_cave_pools, minmay_temple_entry_proselytizer, serial_shops,
          shop
D:6:      layout_gridville, nicolae_overflow_hidden_temple,
          grunt_ashenzari_visionary [grunt_ashenzari_visionary_swamp,
          grunt_ashenzari_visionary_spider], serial_shops,
          nicolae_shop_window_shopping, nicolae_shop_tiny_glass, shop_statue,
          nicolae_shop_behind_doors, nicolae_shop_window_shopping,
          kennysheep_another_room
D:7:      layout_basic, kennysheep_nondescript
D:8:      layout_basic, kennysheep_small_circle, uniq_joseph
D:9:      dragon1_lemuel, layout_basic, lemuel_mausoleum_altar_kikubaaqudgha,
          hellmonk_okawaru_the_only_friend_you_need
Temple:   hellmonk_temple_divided_pantheon

Skill      XL: |  1  2  3  4  5  6  7  8  9 |
---------------+----------------------------+-----
Spellcasting   | 4 5 6 7 8 9 10 | 10.3
Earth Magic    | 4 5 6 7 8 |  8.2
Stealth        | 3 |  3.0
Conjurations   | 2 3 4 5 |  5.8
Fire Magic     | 2 3 4 |  4.8
Air Magic      | 1 3 4 |  4.2
Fighting       | 1 |  1.0
Evocations     | 2 |  2.6
Throwing       | 1 |  1.7
Armour         | 1 |  1.6
Short Blades   | |  0.7
Dodging        | |  2.8
Transmutations | |  1.2

Action                     |  1- 3 |  4- 6 |  7- 9 || total
---------------------------+-------+-------+-------++-------
  Melee: Unarmed           |     1 |       |       ||     1
         Dagger            |       |    27 |    22 ||    49
   Cast: Sandblast         |    39 |    74 |    41 ||   154
         Stone Arrow       |       |    13 |    80 ||    93
  Evoke: Wand              |       |       |    14 ||    14
    Use: Potion            |     2 |       |     6 ||     8
         Scroll            |       |    13 |     8 ||    21
   Stab: Sleeping          |       |     1 |     1 ||     2
 Armour: Robe              |     2 |    17 |     7 ||    26
         Steam dragon scal |       |       |     9 ||     9
  Dodge: Dodged            |     2 |    53 |    78 ||   133
